[Event "9th RTU Rapid 2019"]
[Site "Riga"]
[Date "2019.08.04"]
[Round "6.20"]
[White "Damen, Jip"]
[Black "Jeet, Jain"]
[Result "1-0"]
[WhiteElo "2179"]
[BlackElo "1828"]
[PlyCount "81"]
[EventDate "2019.08.05"]
[EventType "swiss"]
[EventCountry "LAT"]
[TimeControl "5400+30"]
[WhiteClock "0:02:50"]
[BlackClock "0:06:28"]

1. e4 e5 2. Nf3 Nc6 3. Bb5 a6 4. Ba4 Nf6 5. O-O Be7 6. d3 b5 7. Bb3 d6 8. a3 O-O 9. Nc3 h6 10. Nd5 Na5 11. Ba2 Nxd5 12. Bxd5 c6 13. Ba2 Be6 14. Bxe6 fxe6 15. d4 exd4 16. Nxd4 Qc8 17. Qg4 Rf6 18. f4 c5 19. Nf3 Nc6 20. e5 Rf5 21. exd6 Bxd6 22. Nh4 Rf6 23. Be3 e5 24. f5 Ra7 25. Rad1 Raf7 26. Qe4 Nd4 27. c3 Ne2+ 28. Kh1 g5 29. Nf3 Nf4 30. g3 Nh5 31. Kg2 Qb7 32. Qxb7 Rxb7 33. Rd5 c4 34. Nxe5 Bxe5 35. Rxe5 Ng7 36. Bd4 Rff7 37. g4 Rb8 38. Rfe1 a5 39. Re7 Rb7 40. Rxb7 Rxb7 41. f6 1-0

[Event "9th RTU Rapid 2019"]
[Site "Riga"]
[Date "2019.08.04"]
[Round "6.21"]
[White "Mohite, Ranveer"]
[Black "Low, Zhen Yu Cyrus"]
[Result "1/2-1/2"]
[WhiteElo "1935"]
[BlackElo "2169"]
[PlyCount "137"]
[EventDate "2019.08.05"]
[EventType "swiss"]
[EventCountry "LAT"]
[TimeControl "5400+30"]
[WhiteClock "0:00:37"]
[BlackClock "0:00:39"]

1. e4 c5 2. Nf3 Nc6 3. d4 cxd4 4. Nxd4 Nf6 5. Nc3 d6 6. Bg5 e6 7. Qd2 a6 8. O-O-O Bd7 9. f4 b5 10. Bxf6 gxf6 11. Nxc6 Bxc6 12. Kb1 Qb6 13. f5 b4 14. Ne2 e5 15. Ng3 h5 16. h4 Bh6 17. Qxd6 Rd8 18. Qxd8+ Qxd8 19. Rxd8+ Kxd8 20. Be2 Ke7 21. Bf3 Be3 22. Nxh5 Bf2 23. g4 Rd8 24. g5 fxg5 25. hxg5 Rg8 26. f6+ Kd7 27. Ng7 Be3 28. g6 fxg6 29. Bg4+ Kd6 30. Rd1+ Bd4 31. c3 Bxe4+ 32. Kc1 bxc3 33. bxc3 Rf8 34. cxd4 exd4 35. Rf1 Bd5 36. a3 Ke5 37. Kd2 Bc4 38. Rf2 Rxf6 39. Rxf6 Kxf6 40. Ne8+ Ke7 41. Nc7 Kd6 42. Ne8+ Ke7 43. Nc7 Kd6 44. Na8 Kc5 45. Bc8 Kc6 46. Bg4 Bd5 47. Bc8 Bc4 48. Bg4 Bd5 49. Bc8 Bc4 50. Ke1 g5 51. Kd2 a5 52. Ke1 Bd3 53. Kd2 Be4 54. Ba6 Bh1 55. Bc8 Kd6 56. Nb6 Kc7 57. Nc4 Kxc8 58. Nxa5 g4 59. Nb3 Kd7 60. Nxd4 Kd6 61. Ke3 Ke5 62. Ne2 Bc6 63. Ng3 Bd7 64. Ne2 Kd5 65. Kf4 Kc4 66. Ng3 Kb3 67. Ne4 Kxa3 68. Nf6 Bc8 69. Nxg4 1/2-1/2

[Event "9th RTU Rapid 2019"]
[Site "Riga"]
[Date "2019.08.04"]
[Round "6.22"]
[White "Nesteretz, Anatoliy"]
[Black "Sertbay, Huseyin"]
[Result "1-0"]
[WhiteElo "2317"]
[BlackElo "2066"]
[PlyCount "51"]
[EventDate "2019.08.05"]
[EventType "swiss"]
[EventCountry "LAT"]
[TimeControl "5400+30"]
[WhiteClock "0:00:06"]
[BlackClock "0:04:48"]

1. e4 c6 2. d4 d5 3. e5 Bf5 4. c4 e6 5. Nc3 Ne7 6. a3 Nd7 7. c5 f6 8. f4 fxe5 9. fxe5 Ng6 10. Nf3 Be7 11. Bd3 O-O 12. O-O Qe8 13. b4 Bg4 14. h3 Bxf3 15. Rxf3 Rxf3 16. Qxf3 Qf7 17. Qxf7+ Kxf7 18. Be3 Rf8 19. g3 Bd8 20. b5 Ne7 21. Rb1 Ba5 22. Ne2 Nf5 23. Bxf5 exf5 24. bxc6 bxc6 25. Rb7 Ke8 26. Rxa7 1-0

[Event "9th RTU Rapid 2019"]
[Site "Riga"]
[Date "2019.08.04"]
[Round "6.23"]
[White "Reizniece-Ozola, Dana"]
[Black "Gagare, Shalmali"]
[Result "1-0"]
[WhiteElo "2261"]
[BlackElo "1984"]
[PlyCount "64"]
[EventDate "2019.08.05"]
[EventType "swiss"]
[EventCountry "LAT"]
[TimeControl "5400+30"]
[WhiteClock "0:00:10"]
[BlackClock "0:00:57"]

1. c4 e5 2. Nc3 Bb4 3. g3 Bxc3 4. bxc3 Nf6 5. Bg2 O-O 6. Nf3 e4 7. Ng5 Re8 8. Qc2 d5 9. cxd5 Qxd5 10. d4 Bf5 11. O-O Qd7 12. Qb3 h6 13. Qxb7 Nc6 14. g4 Rab8 15. Qa6 Nxg4 16. Nh3 Nf6 17. Nf4 g5 18. d5 Rb6 19. dxc6 Qxc6 20. Qa5 Rb5 21. Qxa7 gxf4 22. Bxf4 Nd5 23. Bd2 Nxc3 24. Bxc3 Qxc3 25. Rac1 Qa5 26. Qd4 Qb6 27. Qc3 Qg6 28. Kh1 c5 29. Rg1 Kh7 30. Bh3 Bxh3 31. Rxg6 fxg6 32. Qxh3 Rh8 1-0

[Event "9th RTU Rapid 2019"]
[Site "Riga"]
[Date "2019.08.04"]
[Round "6.24"]
[White "Alvarado Ascanio, Francisco"]
[Black "Efremov, Vladislav"]
[Result "1/2-1/2"]
[WhiteElo "2166"]
[BlackElo "1956"]
[PlyCount "45"]
[EventDate "2019.08.05"]
[EventType "swiss"]
[EventCountry "LAT"]
[TimeControl "5400+30"]
[WhiteClock "0:13:45"]
[BlackClock "0:08:12"]

1. d4 Nf6 2. c4 e6 3. Nf3 d5 4. Nc3 c5 5. cxd5 Nxd5 6. e4 Nxc3 7. bxc3 cxd4 8. cxd4 Bb4+ 9. Bd2 Bxd2+ 10. Qxd2 O-O 11. Bc4 Nd7 12. O-O b6 13. Rfe1 Bb7 14. a4 Rc8 15. Bd3 Nf6 16. a5 Qc7 17. axb6 axb6 18. Rab1 Rfd8 19. h3 h6 20. Rbc1 Qe7 21. Rb1 Qc7 22. Rbc1 Qe7 23. Rb1 1/2-1/2

[Event "9th RTU Rapid 2019"]
[Site "Riga"]
[Date "2019.08.04"]
[Round "6.25"]
[White "Babrauskas, Darius"]
[Black "Martinkus, Rolandas"]
[Result "1-0"]
[WhiteElo "1988"]
[BlackElo "2155"]
[PlyCount "59"]
[EventDate "2019.08.05"]
[EventType "swiss"]
[EventCountry "LAT"]
[TimeControl "5400+30"]
[WhiteClock "0:04:42"]
[BlackClock "0:08:09"]

1. e4 d5 2. exd5 Qxd5 3. Nc3 Qd8 4. d4 g6 5. Bc4 Nh6 6. Nf3 Bg7 7. Qe2 Nf5 8. Be3 O-O 9. Rd1 Nd7 10. O-O Nb6 11. Bb3 c6 12. h3 Nd5 13. Bg5 h6 14. Bc1 Nxc3 15. bxc3 a5 16. a4 b6 17. Rfe1 b5 18. Ba3 Ba6 19. Qd2 bxa4 20. Bxa4 Bb5 21. Bb3 Nd6 22. Ne5 Kh7 23. c4 Bxe5 24. dxe5 Nxc4 25. Qc3 Nxa3 26. Rxd8 Raxd8 27. Qxa5 Ra8 28. Qb4 e6 29. c4 c5 30. Qxc5 1-0

[Event "9th RTU Rapid 2019"]
[Site "Riga"]
[Date "2019.08.04"]
[Round "6.26"]
[White "Petrovskis, Olegs"]
[Black "Krums, Ilmars"]
[Result "1-0"]
[WhiteElo "2147"]
[BlackElo "1971"]
[PlyCount "137"]
[EventDate "2019.08.05"]
[EventType "swiss"]
[EventCountry "LAT"]
[TimeControl "5400+30"]
[WhiteClock "0:00:32"]
[BlackClock "0:01:15"]

1. d4 Nf6 2. Nf3 e6 3. c4 Bb4+ 4. Bd2 Qe7 5. Nc3 Bxc3 6. Bxc3 Ne4 7. Qb3 Nxc3 8. Qxc3 d6 9. e3 Nd7 10. Be2 b6 11. O-O Bb7 12. b4 a5 13. a3 O-O 14. Rfc1 c5 15. bxc5 bxc5 16. Rab1 Bc6 17. Rb2 a4 18. Rd2 Rfb8 19. d5 exd5 20. cxd5 Bb5 21. Bd1 Nf6 22. Bc2 Rb6 23. h3 Rab8 24. Rb1 Be8 25. Rxb6 Rxb6 26. Qa5 Rb5 27. Qa8 Qb7 28. Qd8 Qb8 29. Qxb8 Rxb8 30. e4 Bb5 31. e5 dxe5 32. Nxe5 Nd7 33. Nc6 Re8 34. Na7 Re1+ 35. Kh2 Re2 36. Rxe2 Bxe2 37. Bxa4 Nb6 38. d6 Kf8 39. Bc6 Ba6 40. a4 c4 41. a5 c3 42. axb6 c2 43. d7 Ke7 44. Nc8+ Kd8 45. Nd6 c1=Q 46. Nxf7+ Ke7 47. d8=Q+ Kxf7 48. Bd5+ Kg6 49. Qd6+ Kf5 50. g4+ Kg5 51. f4+ Qxf4+ 52. Qxf4+ Kxf4 53. b7 Bxb7 54. Bxb7 h5 55. Bc8 g6 56. Kg2 g5 57. Kf2 Ke4 58. Kg3 Ke5 59. Kf3 Kd4 60. Ba6 Ke5 61. Ke3 Kd5 62. Bb7+ Ke5 63. Ba8 Kd6 64. Ke4 Ke6 65. Bd5+ Kf6 66. Bb3 Kg6 67. Ke5 Kh6 68. Kf6 h4 69. Ba4 1-0

[Event "9th RTU Rapid 2019"]
[Site "Riga"]
[Date "2019.08.04"]
[Round "6.27"]
[White "Daudzvardis, Janis"]
[Black "Ivanisvili, Andrejs"]
[Result "1/2-1/2"]
[WhiteElo "2037"]
[BlackElo "2144"]
[PlyCount "37"]
[EventDate "2019.08.05"]
[EventType "swiss"]
[EventCountry "LAT"]
[TimeControl "5400+30"]
[WhiteClock "0:12:37"]
[BlackClock "0:15:19"]

1. f4 f5 2. e4 fxe4 3. d3 exd3 4. Bxd3 Nf6 5. c4 e6 6. Nf3 Bc5 7. Qc2 Bf8 8. Qd1 Bc5 9. Qc2 Nc6 10. Ng5 Nd4 11. Nf3 Nc6 12. Ng5 Nd4 13. Qf2 Nb3 14. Qh4 Nxa1 15. Bg6+ Kf8 16. Nf7 Qe7 17. Nxh8 Kg8 18. Nf7 hxg6 19. Ng5 1/2-1/2

[Event "9th RTU Rapid 2019"]
[Site "Riga"]
[Date "2019.08.04"]
[Round "6.28"]
[White "Korchagin, Oleg"]
[Black "Solys, Laimutis"]
[Result "0-1"]
[WhiteElo "2056"]
[BlackElo "2143"]
[PlyCount "70"]
[EventDate "2019.08.05"]
[EventType "swiss"]
[EventCountry "LAT"]
[TimeControl "5400+30"]
[WhiteClock "0:02:32"]
[BlackClock "0:00:22"]

1. e4 c5 2. Nf3 d6 3. d4 cxd4 4. Nxd4 Nf6 5. Bd3 g6 6. O-O Bg7 7. c3 O-O 8. Na3 Nc6 9. f3 e5 10. Ndc2 d5 11. Be3 Re8 12. Qe2 Be6 13. Rad1 Qe7 14. b3 Rad8 15. Bf2 dxe4 16. Bxe4 Nxe4 17. fxe4 h5 18. h3 Rxd1 19. Rxd1 Rd8 20. Be3 Rxd1+ 21. Qxd1 Qh4 22. Qf3 Bf8 23. Nb5 Qd8 24. Qe2 a6 25. Na7 Nxa7 26. Bxa7 Qa5 27. Nb4 Bc5+ 28. Bxc5 Qxc5+ 29. Qf2 Qxc3 30. Nd5 Qc1+ 31. Kh2 Bxd5 32. exd5 Kg7 33. Qb6 Qf4+ 34. Kg1 Qd4+ 35. Qxd4 exd4 0-1

[Event "9th RTU Rapid 2019"]
[Site "Riga"]
[Date "2019.08.04"]
[Round "6.29"]
[White "Rudovskii, Filipp"]
[Black "Feldmanis, Arturs"]
[Result "1-0"]
[WhiteElo "2127"]
[BlackElo "1875"]
[PlyCount "62"]
[EventDate "2019.08.05"]
[EventType "swiss"]
[EventCountry "LAT"]
[TimeControl "5400+30"]
[WhiteClock "0:01:13"]
[BlackClock "0:01:29"]

1. e4 c5 2. Nc3 Nc6 3. Bb5 g6 4. Nge2 Bg7 5. O-O a6 6. Bxc6 bxc6 7. d3 d6 8. Be3 Nf6 9. e5 Ng4 10. exd6 Nxe3 11. dxe7 Qxe7 12. fxe3 Qxe3+ 13. Kh1 O-O 14. Rf3 Qe7 15. Qg1 Re8 16. Raf1 Bf5 17. g4 Be6 18. Nf4 Bd4 19. Qg2 Bxc3 20. bxc3 Ra7 21. c4 Qd7 22. Rg1 Rb7 23. Re3 Kg7 24. Rge1 Qd6 25. Qg3 Qd4 26. Re4 Qc3 27. Qe3 Qxc2 28. Qxc5 Rb2 29. Qd4+ Kg8 30. R4e2 Bd5+ 31. cxd5 Rxe2 1-0

[Event "9th RTU Rapid 2019"]
[Site "Riga"]
[Date "2019.08.04"]
[Round "6.30"]
[White "Zukauskas, Arnas Povilas"]
[Black "Korolev, Alexandr"]
[Result "1/2-1/2"]
[WhiteElo "2098"]
[BlackElo "2102"]
[PlyCount "73"]
[EventDate "2019.08.05"]
[EventType "swiss"]
[EventCountry "LAT"]
[TimeControl "5400+30"]
[WhiteClock "0:10:14"]
[BlackClock "0:07:02"]

1. e4 e5 2. Nf3 Nc6 3. Bb5 Nf6 4. Nc3 Bb4 5. O-O O-O 6. Re1 d6 7. h3 Bd7 8. d3 h6 9. Bd2 a6 10. Ba4 Re8 11. a3 Bc5 12. b4 Bb6 13. Bb3 a5 14. Nd5 Nxd5 15. Bxd5 axb4 16. axb4 Be6 17. Bxe6 Rxe6 18. c3 Re8 19. Be3 Bxe3 20. Rxe3 Rxa1 21. Qxa1 Qa8 22. Re1 b6 23. Qb2 Qb7 24. Ra1 Ra8 25. Ra3 Rxa3 26. Qxa3 Qa7 27. Qxa7 Nxa7 28. Nd2 Nb5 29. Nb1 Kf8 30. Kf1 Ke7 31. c4 Nd4 32. b5 Kd7 33. Ke1 c6 34. bxc6+ Kxc6 35. Nc3 b5 36. cxb5+ Nxb5 37. Nd5 1/2-1/2

[Event "9th RTU Rapid 2019"]
[Site "Riga"]
[Date "2019.08.04"]
[Round "6.31"]
[White "Walkusz, Witoslaw"]
[Black "Gudovskis, Konstantins"]
[Result "0-1"]
[WhiteElo "2138"]
[BlackElo "2015"]
[PlyCount "62"]
[EventDate "2019.08.05"]
[EventType "swiss"]
[EventCountry "LAT"]
[TimeControl "5400+30"]
[WhiteClock "0:01:08"]
[BlackClock "0:00:11"]

1. e4 e5 2. Nf3 Nc6 3. Bb5 d6 4. Bxc6+ bxc6 5. d4 f6 6. h3 g6 7. c4 Bg7 8. Nc3 Nh6 9. dxe5 fxe5 10. Be3 Nf7 11. Qd2 Be6 12. b3 a5 13. O-O O-O 14. Rad1 a4 15. Nxa4 Bxc4 16. Rfe1 Be6 17. Qc2 Qe8 18. Rc1 c5 19. Red1 Bh6 20. Bxh6 Nxh6 21. Ng5 Bd7 22. Nc3 Nf7 23. Nxf7 Qxf7 24. Rd3 Be6 25. Rcd1 c4 26. Rf3 cxb3 27. axb3 Bxb3 28. Rxf7 Bxc2 29. Rxf8+ Kxf8 30. Rc1 Bd3 31. Rd1 Bc4 0-1

[Event "9th RTU Rapid 2019"]
[Site "Riga"]
[Date "2019.08.04"]
[Round "6.32"]
[White "Melderis, Uldis"]
[Black "Martynyuk, Elizaveta"]
[Result "1/2-1/2"]
[WhiteElo "1897"]
[BlackElo "2125"]
[PlyCount "140"]
[EventDate "2019.08.05"]
[EventType "swiss"]
[EventCountry "LAT"]
[TimeControl "5400+30"]
[WhiteClock "0:03:36"]
[BlackClock "0:06:11"]

1. b4 d5 2. Bb2 Nf6 3. e3 Bf5 4. Nf3 h6 5. Be2 e6 6. b5 Bd6 7. O-O O-O 8. d3 c6 9. a4 cxb5 10. axb5 Nbd7 11. Nbd2 e5 12. c4 e4 13. dxe4 dxe4 14. Nd4 Bg6 15. Ba3 Nc5 16. N2b3 Nfd7 17. Nxc5 Nxc5 18. Bxc5 Bxc5 19. Nb3 Bb4 20. Qxd8 Rfxd8 21. Rfd1 Rxd1+ 22. Rxd1 Bf5 23. Nd4 Bd7 24. Rb1 Be7 25. h3 Kf8 26. Bg4 Ke8 27. Bxd7+ Kxd7 28. Kf1 Kc7 29. Ke2 g6 30. f3 exf3+ 31. gxf3 a5 32. bxa6 Rxa6 33. Kd3 Ra2 34. Nb5+ Kc8 35. Rh1 Kd7 36. Ke4 f5+ 37. Kd3 Rb2 38. Kc3 Rg2 39. Rd1+ Ke6 40. Nd4+ Ke5 41. Rb1 Ba3 42. Rb5+ Kf6 43. Rxb7 Bc1 44. Nc2 Rg3 45. Rb1 Rg1 46. Rb6+ Ke5 47. Nd4 Bxe3 48. Re6+ Kf4 49. Ne2+ Kxf3 50. Nxg1+ Bxg1 51. Rxg6 Be3 52. Kb4 Ke4 53. Re6+ Kd3 54. c5 f4 55. c6 Bb6 56. Kb5 Bc7 57. Re7 Bb8 58. Re8 Bc7 59. Rc8 Be5 60. Rd8+ Ke4 61. Re8 f3 62. c7 f2 63. Kc6 f1=Q 64. c8=Q Qc4+ 65. Kd7 Qf7+ 66. Re7 Qd5+ 67. Ke8 Qg8+ 68. Kd7 Qd5+ 69. Ke8 Qg8+ 70. Kd7 Qd5+ {[%emt 0:00:31] Re6} 1/2-1/2

[Event "9th RTU Rapid 2019"]
[Site "Riga"]
[Date "2019.08.04"]
[Round "6.33"]
[White "Bagatais, Janis"]
[Black "Kleinschroth, Roland"]
[Result "1-0"]
[WhiteElo "1946"]
[BlackElo "2092"]
[PlyCount "101"]
[EventDate "2019.08.05"]
[EventType "swiss"]
[EventCountry "LAT"]
[TimeControl "5400+30"]
[WhiteClock "0:01:52"]
[BlackClock "0:00:41"]

1. e4 e5 2. Nf3 d6 3. d4 exd4 4. Nxd4 Nf6 5. Nc3 Be7 6. Be2 O-O 7. O-O Re8 8. f4 c5 9. Nf3 Bf8 10. e5 Ng4 11. h3 Nh6 12. Bb5 Nc6 13. exd6 Qxd6 14. Qxd6 Bxd6 15. Bxc6 bxc6 16. g4 Ba6 17. Re1 Rxe1+ 18. Nxe1 Re8 19. Bd2 f6 20. Nd3 c4 21. Nf2 Bc5 22. Kf1 Nf7 23. Re1 Kf8 24. Rxe8+ Kxe8 25. Nfe4 Bd4 26. Ke2 Kd7 27. Be3 c5 28. Nxc5+ Bxc5 29. Bxc5 g5 30. Bxa7 gxf4 31. Kf3 Ke6 32. Kxf4 Bb7 33. Ne4 Bxe4 34. Kxe4 Nd6+ 35. Kf4 Nb5 36. Bf2 c3 37. bxc3 Nxc3 38. a3 Na4 39. c4 Nb2 40. c5 Nd3+ 41. Kf3 Kd5 42. a4 Ne5+ 43. Ke2 Nc6 44. Kd3 Na5 45. Kc3 Nc6 46. Bg1 Na5 47. Kb4 Nc6+ 48. Kb5 Na7+ 49. Kb6 Nc8+ 50. Kc7 Na7 51. a5 1-0

[Event "9th RTU Rapid 2019"]
[Site "Riga"]
[Date "2019.08.04"]
[Round "7.1"]
[White "Kopylov, Michael"]
[Black "Svane, Rasmus"]
[Result "0-1"]
[WhiteElo "2414"]
[BlackElo "2612"]
[PlyCount "56"]
[EventDate "2019.08.05"]
[EventType "swiss"]
[EventCountry "LAT"]
[TimeControl "5400+30"]
[WhiteClock "0:02:41"]
[BlackClock "0:00:17"]

1. d4 Nf6 2. c4 e6 3. g3 d5 4. Bg2 dxc4 5. Nf3 Bb4+ 6. Bd2 a5 7. O-O O-O 8. Qc2 Bxd2 9. Nfxd2 Qxd4 10. Nxc4 Qc5 11. Nbd2 Nc6 12. Nb3 Qb5 13. Na3 Qh5 14. Bf3 Ng4 15. h4 Nce5 16. Qxc7 Nxf3+ 17. exf3 Ne5 18. f4 Nf3+ 19. Kg2 e5 20. Rh1 Be6 21. Qxb7 Rad8 22. Qc7 Bd5 23. Kf1 a4 24. Nc5 Nd2+ 25. Kg1 Qf3 26. Rh2 Qe2 27. Rg2 Nf3+ 28. Kh1 Nxh4 0-1

[Event "9th RTU Rapid 2019"]
[Site "Riga"]
[Date "2019.08.04"]
[Round "7.2"]
[White "Pultinevicius, Paulius"]
[Black "Korchmar, Vasiliy"]
[Result "1-0"]
[WhiteElo "2501"]
[BlackElo "2413"]
[PlyCount "65"]
[EventDate "2019.08.05"]
[EventType "swiss"]
[EventCountry "LAT"]
[TimeControl "5400+30"]
[WhiteClock "0:00:08"]
[BlackClock "0:00:30"]

1. d4 Nf6 2. c4 e6 3. Nf3 d5 4. Nc3 Bb4 5. Qa4+ Nc6 6. e3 O-O 7. Bd2 dxc4 8. Bxc4 Bd6 9. O-O e5 10. h3 e4 11. Ng5 Bf5 12. Qc2 Bb4 13. Nxf7 Rxf7 14. Qb3 Bg6 15. Nxe4 Nxe4 16. Bxb4 Nxb4 17. Qxb4 Nd6 18. Bxf7+ Bxf7 19. Rfe1 Bg6 20. f3 c6 21. e4 a5 22. Qc5 a4 23. Rad1 Ra5 24. Qc3 Bf7 25. Kh1 Bxa2 26. d5 cxd5 27. exd5 Bb3 28. Rd2 Ra8 29. Rde2 Qg5 30. Re5 Qg3 31. Qc7 Qg6 32. Re6 Nb5 33. Qxb7 1-0

[Event "9th RTU Rapid 2019"]
[Site "Riga"]
[Date "2019.08.04"]
[Round "7.3"]
[White "Galchenko, Matvey"]
[Black "Kantans, Toms"]
[Result "1-0"]
[WhiteElo "2360"]
[BlackElo "2471"]
[PlyCount "95"]
[EventDate "2019.08.05"]
[EventType "swiss"]
[EventCountry "LAT"]
[TimeControl "5400+30"]
[WhiteClock "0:00:10"]
[BlackClock "0:01:21"]

1. c4 e5 2. g3 Nc6 3. Bg2 Bc5 4. Nc3 d6 5. e3 a6 6. Nge2 Ba7 7. Rb1 h5 8. h4 Bg4 9. b4 Qd7 10. Qa4 Nge7 11. b5 axb5 12. cxb5 Nd8 13. b6 cxb6 14. Qxd7+ Kxd7 15. d4 Ndc6 16. d5 Na5 17. f3 Bf5 18. e4 Bh7 19. Bh3+ f5 20. Bg5 Rhf8 21. Nb5 Bb8 22. Rb4 Ke8 23. Kd2 fxe4 24. fxe4 Nac6 25. dxc6 Rxa2+ 26. Ke3 bxc6 27. Nbc3 Ra3 28. Rc1 d5 29. Bxe7 d4+ 30. Nxd4 exd4+ 31. Rxd4 Kxe7 32. Rd7+ Ke8 33. Rxg7 Rf7 34. Rg5 Bd6 35. Ke2 Bb4 36. Nb1 Ra2+ 37. Ke3 Bc5+ 38. Rcxc5 bxc5 39. Be6 Rc2 40. Bxf7+ Kxf7 41. Rxh5 Bg6 42. Rg5 Rc4 43. Nd2 Rc3+ 44. Kf4 Bh7 45. Nf3 Kf6 46. Ne5 Rc1 47. Nd7+ Ke7 48. Rg7+ 1-0

[Event "9th RTU Rapid 2019"]
[Site "Riga"]
[Date "2019.08.04"]
[Round "7.4"]
[White "Vishnu Prasanna. V"]
[Black "Gagare, Shardul"]
[Result "0-1"]
[WhiteElo "2465"]
[BlackElo "2430"]
[PlyCount "104"]
[EventDate "2019.08.05"]
[EventType "swiss"]
[EventCountry "LAT"]
[TimeControl "5400+30"]
[WhiteClock "0:03:50"]
[BlackClock "0:00:37"]

1. e4 e5 2. Nf3 Nc6 3. Bb5 a6 4. Ba4 Nf6 5. d3 b5 6. Bb3 Be7 7. O-O d6 8. c3 O-O 9. Re1 Na5 10. Bc2 c5 11. a4 Rb8 12. axb5 axb5 13. d4 exd4 14. cxd4 Nc6 15. e5 dxe5 16. dxe5 Nd5 17. Be4 Be6 18. Qc2 g6 19. Qd2 Re8 20. Rd1 Ndb4 21. Qe2 Nd4 22. Nxd4 cxd4 23. Na3 Qb6 24. Bd2 Bc5 25. Qf3 Rbc8 26. Bxb4 Bxb4 27. Nc2 Bc5 28. b4 Bf8 29. Nxd4 Bc4 30. Nc6 Re6 31. Na5 Rxe5 32. Nxc4 bxc4 33. Rd5 Re6 34. b5 Rf6 35. Qe2 Bc5 36. Bf3 Qxb5 37. Rc1 Re6 38. Qc2 c3 39. h4 Qb2 40. Rdd1 Rb8 41. Kf1 Ba3 42. Qxb2 cxb2 43. Rb1 Rc8 44. Bg4 f5 45. Bf3 Kh8 46. Bd5 Re7 47. Ba2 Rc2 48. Bb3 Rc1 49. g3 Rd7 50. Re1 Rd2 51. Kg2 Rxb1 52. Rxb1 Bc5 0-1

[Event "9th RTU Rapid 2019"]
[Site "Riga"]
[Date "2019.08.04"]
[Round "7.5"]
[White "Lavendelis, Egons"]
[Black "Krivonosov, Oleg"]
[Result "0-1"]
[WhiteElo "2292"]
[BlackElo "2445"]
[PlyCount "90"]
[EventDate "2019.08.05"]
[EventType "swiss"]
[EventCountry "LAT"]
[TimeControl "5400+30"]
[WhiteClock "0:08:38"]
[BlackClock "0:01:43"]

1. Nf3 Nf6 2. g3 d5 3. Bg2 e6 4. O-O Be7 5. d4 O-O 6. b3 c5 7. Bb2 b6 8. c4 Bb7 9. Ne5 Nbd7 10. Nd2 cxd4 11. Bxd4 Nxe5 12. Bxe5 Rc8 13. Rc1 Qd7 14. cxd5 Rxc1 15. Qxc1 Bxd5 16. e4 Bb7 17. Re1 Ng4 18. Bb2 Bc5 19. Re2 Ba6 20. Nc4 Bxc4 21. bxc4 Rd8 22. Qg5 e5 23. Bh3 Nxf2 24. Bxd7 Nxe4+ 25. Qe3 Rxd7 26. Qxc5 Nxc5 27. Rxe5 f6 28. Re2 Kf7 29. Ba3 Ne6 30. Kf2 h5 31. Ke3 Rc7 32. Kd3 Nc5+ 33. Bxc5 Rxc5 34. Kd4 g5 35. Re3 Ra5 36. a3 Kg6 37. Ke4 Re5+ 38. Kd4 Rxe3 39. Kxe3 Kf5 40. Kd4 Kg4 41. Kd5 f5 42. Kc6 f4 43. Kb7 f3 44. Kxa7 f2 45. Kxb6 f1=Q 0-1

[Event "9th RTU Rapid 2019"]
[Site "Riga"]
[Date "2019.08.04"]
[Round "7.6"]
[White "Saduakassova, Dinara"]
[Black "Kiik, Kalle"]
[Result "1-0"]
[WhiteElo "2437"]
[BlackElo "2308"]
[PlyCount "87"]
[EventDate "2019.08.05"]
[EventType "swiss"]
[EventCountry "LAT"]
[TimeControl "5400+30"]
[WhiteClock "0:04:27"]
[BlackClock "0:08:21"]

1. d4 d5 2. c4 e6 3. Nf3 c5 4. cxd5 exd5 5. g3 Nc6 6. Bg2 Nf6 7. O-O Be7 8. Nc3 O-O 9. dxc5 Bxc5 10. Bg5 d4 11. Bxf6 Qxf6 12. Ne4 Qe7 13. Nxc5 Qxc5 14. Rc1 Qb6 15. Qd2 Be6 16. b3 Rad8 17. Rfd1 h6 18. Qb2 Rd7 19. Rd2 Rfd8 20. Rcd1 a5 21. h4 Qb4 22. Ne1 Bd5 23. Nc2 Qb6 24. Nxd4 Nxd4 25. Rxd4 Be6 26. Rxd7 Rxd7 27. Rxd7 Bxd7 28. Qe5 g6 29. Qb8+ Kg7 30. Qxb7 Qd4 31. Qd5 Qa1+ 32. Kh2 Bg4 33. e3 Be6 34. Qd4+ Qxd4 35. exd4 Kf6 36. Be4 g5 37. hxg5+ hxg5 38. Kg2 Ke7 39. Kf3 Kd6 40. Ke3 Bd7 41. Bd3 f6 42. Bc4 Bc8 43. Kd2 Bd7 44. Kc3 1-0

[Event "9th RTU Rapid 2019"]
[Site "Riga"]
[Date "2019.08.04"]
[Round "7.7"]
[White "Ioannidis, Evgenios"]
[Black "Omelja, Artem"]
[Result "0-1"]
[WhiteElo "2134"]
[BlackElo "2436"]
[PlyCount "63"]
[EventDate "2019.08.05"]
[EventType "swiss"]
[EventCountry "LAT"]
[TimeControl "5400+30"]
[WhiteClock "0:10:01"]
[BlackClock "0:02:34"]

1. d4 d5 2. c4 e6 3. Nc3 Be7 4. cxd5 exd5 5. Bf4 c6 6. e3 Bd6 7. Bxd6 Qxd6 8. Bd3 Ne7 9. Qc2 g6 10. f3 a6 11. O-O-O Be6 12. Nge2 Nd7 13. e4 b5 14. Kb1 Nb6 15. Nc1 Nc4 16. Rhe1 Qxh2 17. exd5 cxd5 18. Nb3 Qd6 19. Nc5 O-O 20. g4 Nc6 21. Bxc4 bxc4 22. Qd2 Ra7 23. Re2 Bc8 24. Rde1 Re7 25. Rxe7 Nxe7 26. Rxe7 Qxe7 27. Nxd5 Qd8 28. Ne3 f5 29. gxf5 Bxf5+ 30. Ka1 Qg5 31. a3 Qg1+ 32. Ka2 0-1

[Event "9th RTU Rapid 2019"]
[Site "Riga"]
[Date "2019.08.04"]
[Round "7.8"]
[White "Bulmaga, Irina"]
[Black "Gukesh D"]
[Result "0-1"]
[WhiteElo "2434"]
[BlackElo "1683"]
[PlyCount "84"]
[EventDate "2019.08.05"]
[EventType "swiss"]
[EventCountry "LAT"]
[TimeControl "5400+30"]
[WhiteClock "0:00:44"]
[BlackClock "0:00:22"]

1. e4 g6 2. d4 Bg7 3. Nf3 d6 4. Nc3 a6 5. a4 Nf6 6. Be2 O-O 7. h3 Nc6 8. O-O e5 9. dxe5 dxe5 10. Bg5 Be6 11. Qc1 Nd4 12. Nxe5 Qd6 13. Bxf6 Bxf6 14. Nf3 Rfe8 15. Nxd4 Bxd4 16. Bf3 Qe5 17. Rb1 Rad8 18. Nd5 c6 19. Ne3 Ba2 20. Ng4 Qg7 21. c3 Bxb1 22. cxd4 Bxe4 23. Bxe4 Rxe4 24. Qg5 Rexd4 25. Kh2 Kh8 26. Re1 R4d5 27. Re5 h6 28. Nxh6 Qxe5+ 29. Qxe5+ Rxe5 30. Nxf7+ Kg7 31. Nxe5 Rd4 32. a5 Ra4 33. Kg3 Rxa5 34. f4 Rb5 35. Kh4 Rxb2 36. g4 a5 37. Kg5 Rb5 38. h4 a4 39. h5 gxh5 40. gxh5 a3 41. h6+ Kh7 42. Kf6 a2 0-1

[Event "9th RTU Rapid 2019"]
[Site "Riga"]
[Date "2019.08.04"]
[Round "7.9"]
[White "Wagner, Dennis"]
[Black "Radkov, Bazhen D."]
[Result "1-0"]
[WhiteElo "2473"]
[BlackElo "2133"]
[PlyCount "57"]
[EventDate "2019.08.05"]
[EventType "swiss"]
[EventCountry "LAT"]
[TimeControl "5400+30"]
[WhiteClock "0:00:40"]
[BlackClock "0:05:37"]

1. d4 Nf6 2. c4 g6 3. Nc3 Bg7 4. e4 d6 5. Nf3 O-O 6. Be2 Bg4 7. Be3 Nfd7 8. h4 e5 9. d5 a5 10. h5 Bxh5 11. Qd2 Na6 12. Bh6 Nf6 13. Ng1 Bxe2 14. Ngxe2 Nc5 15. Bxg7 Kxg7 16. Qh6+ Kh8 17. O-O-O Rg8 18. g4 Rg7 19. f3 a4 20. Kb1 a3 21. b3 Ra6 22. Ng3 Rb6 23. Nb5 Qd7 24. Rh2 Nxg4 25. fxg4 Qxg4 26. Rg1 Qf3 27. Nh5 Rg8 28. Nf6 Qd3+ 29. Ka1 1-0

[Event "9th RTU Rapid 2019"]
[Site "Riga"]
[Date "2019.08.04"]
[Round "7.10"]
[White "Afanasiev, Vadim"]
[Black "Suleymenov, Alisher"]
[Result "0-1"]
[WhiteElo "2241"]
[BlackElo "2348"]
[PlyCount "73"]
[EventDate "2019.08.05"]
[EventType "swiss"]
[EventCountry "LAT"]
[TimeControl "5400+30"]
[WhiteClock "0:00:09"]
[BlackClock "0:00:12"]

1. d4 e6 2. c4 b6 3. Nc3 Bb7 4. a3 f5 5. d5 Nf6 6. g3 Bd6 7. Bg2 O-O 8. Nh3 Be5 9. Nb5 Na6 10. f4 Bd6 11. Nxd6 cxd6 12. Nf2 Qe7 13. O-O exd5 14. b4 Ne4 15. Nxe4 dxe4 16. Bb2 Nc7 17. Qd4 d5 18. Qe5 Qxe5 19. Bxe5 Ne8 20. cxd5 Bxd5 21. Rfd1 Be6 22. g4 fxg4 23. Bxe4 Rc8 24. e3 Nf6 25. Bb7 Rc2 26. Rac1 Re2 27. Rc3 h5 28. Ba6 Ra2 29. Rc7 Nd5 30. Rxa7 Nxe3 31. Rc1 h4 32. Bd6 g3 33. hxg3 h3 34. Bb7 Re8 35. b5 Ng4 36. Bf3 h2+ 37. Kh1 0-1